 Dungeon Crawl Stone Soup version 0.16.1-28-gcc2312f (webtiles) character file.

5329 CcS the Martial Artist (level 10, -5/49 HPs)
             Began as a Vine Stalker Necromancer on June 5, 2015.
             Was a Follower of Cheibriados.
             Slain by an orc warrior
             ... wielding a +0 flail
              (18 damage)
             ... on level 9 of the Dungeon.
             The game lasted 00:27:24 (9526 turns).

CcS the Martial Artist (Vine Stalker Necromancer)   Turns: 9526, Time: 00:27:24

Health: -5/49      AC:  6    Str: 14      XL:     10   Next: 64%
Magic:  0/20       EV: 14    Int: 21      God:    Cheibriados [*.....]
Gold:   615        SH:  0    Dex: 17 (18) Spells: 4 memorised, 6 levels left

rFire  . . .     SeeInvis .       - Unarmed
rCold  + . .     Clarity  .     a - +0 robe
rNeg   . . .     SustAb   .     (no shield)
rPois  .         Gourm    .     o - +0 helmet
rElec  .         Spirit   +     x - +0 cloak
rCorr  .         Warding  .     w - +1 pair of gloves
rMut   .         Stasis   .     (no boots)
MR     +....                    (no amulet)
Stlth  ++........               t - ring of protection from cold
                                v - ring of wizardry

@: regenerating, very slow, somewhat resistant to hostile enchantments,
unstealthy
A: fangs 3, regeneration 2, magic shield, antimagic bite, no device heal 3, rot
immunity
a: Bend Time, Renounce Religion


You were on level 9 of the Dungeon.
You worshipped Cheibriados.
Cheibriados was aware of your devotion.
You were hungry.

You visited 2 branches of the dungeon, and saw 12 of its levels.

You collected 615 gold pieces.

Inventory:

Missiles
 p - 199 stones (quivered)
 r - 24 poisoned needles
Armour
 a - a +0 robe (worn)
 g - a +0 ring mail
 o - a +0 helmet (worn)
 w - a +1 pair of gloves (worn)
 x - a +0 cloak (worn)
 A - a cursed -1 leather armour
Jewellery
 q - an uncursed ring of positive energy
 t - a ring of protection from cold (right hand)
 v - a ring of wizardry (left hand)
 y - an uncursed ring of ice
 F - an uncursed ring of flight
 I - an uncursed amulet of resist mutation {unknown}
 P - an uncursed amulet of stasis {unknown}
Magical devices
 d - a wand of lightning (10)
 s - a wand of disintegration (0)
 J - a wand of slowing (23)
 N - a wand of disintegration (13)
Scrolls
 f - 2 scrolls of enchant weapon
 i - 4 scrolls of remove curse
 k - 3 scrolls of enchant armour
 l - 5 scrolls of teleportation
 m - a scroll of amnesia {unknown}
 C - a scroll of identify
 H - a scroll of blinking {unknown}
 O - a scroll of torment {unknown}
 S - a scroll of vulnerability {unknown}
Potions
 e - 2 potions of curing
 h - a potion of might {unknown}
 u - a potion of mutation {unknown}
 z - 2 potions of restore abilities {unknown}
 D - a potion of lignification {unknown}
 E - 3 potions of brilliance {unknown}
 G - a potion of berserk rage {unknown}
 M - a potion of flight {unknown}
Books
 b - a book of Necromancy

   Spells                             Type                      Level
   a - Pain                           Necromancy                   1
   b - Animate Skeleton               Necromancy                   1
   c - Vampiric Draining              Necromancy                   3
   d - Regeneration                   Charms/Necromancy            3
   e - Animate Dead                   Necromancy                   4
   f - Control Undead                 Necromancy                   4
 n - a book of Envenomations

   Spells                             Type                      Level
   a - Spider Form                    Transmutation/Poison         3
   b - Alistair's Intoxication        Transmutation/Poison         4
   c - Olgreb's Toxic Radiance        Poison                       4
   d - Poisonous Cloud                Conjuration/Poison/Air       6
 K - a book of Minor Magic

   Spells                             Type                      Level
   a - Magic Dart                     Conjuration                  1
   b - Blink                          Translocation                2
   c - Call Imp                       Summoning                    2
   d - Repel Missiles                 Charms/Air                   2
   e - Slow                           Hexes                        2
   f - Conjure Flame                  Conjuration/Fire             3
   g - Mephitic Cloud                 Conjuration/Poison/Air       3
 Q - a Necronomicon {highlevel, unknown}

   This book is beyond your current level of understanding.

   Spells                             Type                      Level
   a - Haunt                          Necromancy/Summoning         7
   b - Borgnjor's Revivification      Necromancy                   8
   c - Death's Door                   Charms/Necromancy            8
   d - Necromutation                  Transmutation/Necromancy     8
Comestibles
 c - 12 bread rations
 j - 5 fruits
 L - a beef jerky


   Skills:
 - Level 3.3 Fighting
 - Level 3.5 Dodging
 - Level 2.4 Stealth
 - Level 9.0 Unarmed Combat
 - Level 2.1 Spellcasting
 - Level 6.1 Charms
 - Level 8.6 Necromancy
 + Level 5.5 Invocations


You had 6 spell levels left.
You knew the following spells:

 Your Spells              Type           Power        Failure   Level  Hunger
a - Pain                  Necr           ####         1%          1    #......
b - Regeneration          Chrm/Necr      ####......   1%          3    ###....
c - Animate Skeleton      Necr           N/A          1%          1    #......
d - Blink                 Tloc           N/A          9%          2    ##.....


Dungeon Overview and Level Annotations

Branches:
Dungeon (11/15)            Temple (1/1) D:7
   Lair: D:8-11         Orc: D:9-12

Altars:
Ashenzari
Cheibriados
Dithmenos
Elyvilon
Fedhas
Gozag
Kikubaaqudgha
Makhleb
Nemelex Xobeh
Okawaru
Qazlal
Ru
Sif Muna
Trog
Vehumet
Xom
Yredelemnul
Zin

Shops:
D:6 :*

Annotations:
D:2 Crazy Yiuf, Sigmund
D:6 exclusion: moth of wrath


Innate Abilities, Weirdness & Mutations

You have razor-sharp teeth.
You heal very quickly.
When hurt, damage is shared between your health and your magic reserves.
Your bite disrupts and absorbs the magic of your enemies.
Potions and wands cannot restore your health.
You are immune to rotting.


Message History

The orc warrior is heavily wounded.
The orc warrior hits you with a flail!
You punch the orc warrior! Your bite misses the orc warrior.
The orc warrior is almost dead.
The orc warrior hits you but does no damage.
You miss the orc warrior.
The orc warrior is almost dead.
You hit the orc warrior but do no damage.
Your bite misses the orc warrior.
The orc warrior is almost dead.
The orc warrior hits you with a flail!
* * * LOW HITPOINT WARNING * * *
You are too injured to fight recklessly!
You are too injured to fight recklessly!
Use which ability? (? or * to list)
You can't do that.
You hit the orc warrior but do no damage.
The orc warrior is almost dead.
The orc warrior hits you with a flail!!
You die...

#...##.⌠.⌠....#.............#.#
######.........######.#######.#
##.#......## #.# #.###
#######.#.......# #.# #....
......#.#.....#.# #.# #####
#####.#.#######.#####.###########
#####.#.# #..............†......
...##.#.# #.###.####.###########
##.##.#.# #.# #@## #.# #
##.##.#.# #.# #o>###.# #
##.##.#.# #.# ##...#.###########
##.(.)#.# #.# #.#...#.........#
######.# #.# #.#####.#######.#
#.# #.# #.# #.# #.. #.####.# #.#
#.# ### #.#....# #.# #.# #>#.####
#.#####.#


You could see an orc warrior.

Vanquished Creatures
  Joseph (D:8)
  A spriggan (D:7)
  6 yaks (D:9)
  Grum (D:9)
  2 hippogriffs (D:7)
  4 wolves
  Edmund (D:7)
  3 hungry ghosts (D:9)
  An orc warrior (D:9)
  A water moccasin (D:7)
  2 ogres
  A phantom (D:4)
  3 ice beasts
  4 centaurs
  Duvessa (D:7)
  A big kobold (D:7)
  A crocodile (D:9)
  A wyvern zombie (D:8)
  2 giant frogs
  2 scorpions (D:9)
  Dowan (D:7)
  3 crimson imps
  2 centaur skeletons
  3 orc wizards
  2 iguanas
  3 worker ants (D:8)
  2 hounds
  Ijyb (D:1)
  A hound zombie (D:7)
  8 adders
  3 giant mites
  A shadow imp (D:9)
  5 worms
  2 adder skeletons
  An adder zombie (D:2)
  3 giant geckos
  2 oozes
  25 orcs
  10 bats
  2 bat skeletons
  5 giant cockroaches
  16 hobgoblins
  10 jackals
  8 quokkas
  A ball python zombie (D:2)
  4 giant newts
  6 goblins
  2 jackal skeletons
  A jackal zombie (D:2)
  10 kobolds
  A quokka skeleton (D:2)
  18 rats
201 creatures vanquished.

Vanquished Creatures (collateral kills)
  An ogre (D:7)
1 creature vanquished.

Vanquished Creatures (others)
  A hobgoblin skeleton (D:7)
  A rat (D:2)
2 creatures vanquished.

Grand Total: 204 creatures vanquished

Notes
Turn   | Place    | Note
--------------------------------------------------------------
     0 | D:1      | CcS, the Vine Stalker Necromancer, began the quest for the Orb.
     0 | D:1      | Reached XP level 1. HP: 9/9 MP: 3/3
   106 | D:1      | Reached skill level 1 in Unarmed Combat
   183 | D:1      | Reached XP level 2. HP: 10/13 MP: 3/5
   591 | D:1      | Reached XP level 3. HP: 8/16 MP: 4/7
   858 | D:2      | Noticed Ijyb
   882 | D:1      | Killed Ijyb
   983 | D:2      | Reached XP level 4. HP: 17/21 MP: 3/8
  1305 | D:2      | Learned a level 3 spell: Regeneration
  1328 | D:2      | Found a stormy altar of Qazlal.
  1658 | D:2      | Noticed Sigmund
  1866 | D:2      | Noticed Crazy Yiuf
  1987 | D:3      | Reached XP level 5. HP: 21/24 MP: 5/11
  2242 | D:3      | Found a sparkling altar of Nemelex Xobeh.
  2580 | D:3      | Reached skill level 5 in Unarmed Combat
  2926 | D:4      | Noticed a phantom
  3039 | D:3      | HP: 1/24 [iguana (9)]
  3428 | D:4      | Gained mutation: You heal very quickly. [vine stalker growth]
  3428 | D:4      | Reached XP level 6. HP: 25/28 MP: 8/12
  3486 | D:4      | Found a shadowy altar of Dithmenos.
  3563 | D:5      | Entered Level 5 of the Dungeon
  3566 | D:5      | Noticed a water moccasin
  3600 | D:4      | Killed a phantom
  3600 | D:4      | Reached skill level 6 in Unarmed Combat
  3767 | D:4      | Noticed an ogre
  4207 | D:6      | Found Kuraoluw's Book Boutique.
  4287 | D:6      | Found a sacrificial altar of Ru.
  4336 | D:6      | Found a burning altar of Makhleb.
  4364 | D:6      | Noticed a moth of wrath
  4366 | D:6      | Found a bloodstained altar of Trog.
  4782 | D:6      | Found Xygeosen's General Store.
  4804 | D:6      | Reached skill level 7 in Unarmed Combat
  4804 | D:6      | Reached XP level 7. HP: 30/32 MP: 12/14
  5388 | D:7      | Noticed a hippogriff
  5395 | D:7      | Reached skill level 1 in Charms
  5405 | D:7      | Killed a hippogriff
  5481 | D:7      | Noticed a hippogriff
  5497 | D:7      | Killed a hippogriff
  5581 | D:7      | Noticed Edmund
  5600 | D:7      | Killed Edmund
  5600 | D:7      | Reached skill level 5 in Necromancy
  5600 | D:7      | Gained mutation: You have razor-sharp teeth. [vine stalker growth]
  5600 | D:7      | Reached XP level 8. HP: 29/36 MP: 16/16
  5674 | D:7      | Noticed a spriggan baker
  5706 | D:7      | Killed a spriggan baker
  5844 | D:7      | Reached skill level 5 in Charms
  5936 | D:7      | Learned a level 1 spell: Animate Skeleton
  6220 | D:7      | Noticed Duvessa
  6222 | D:7      | Noticed Dowan
  6238 | D:7      | Killed Duvessa
  6238 | D:7      | Reached XP level 9. HP: 26/39 MP: 16/18
  6243 | D:7      | Killed Dowan
  6333 | D:7      | Found a staircase to the Ecumenical Temple.
  6349 | Temple   | Entered the Ecumenical Temple
  7001 | D:8      | Found a shadowy altar of Dithmenos.
  7002 | D:8      | Found a basalt altar of Yredelemnul.
  7033 | D:8      | Noticed Joseph
  7063 | D:8      | HP: 1/39 [Joseph/hunting sling (10)]
  7106 | D:8      | Killed Joseph
  7106 | D:8      | Reached skill level 8 in Necromancy
  7510 | D:8      | Reached skill level 1 in Fighting
  7954 | D:9      | Noticed Grum
  7996 | D:9      | Noticed a centaur skeleton
  8217 | D:9      | Killed a centaur skeleton
  8217 | D:9      | Reached XP level 10. HP: 43/49 MP: 13/18
  8303 | D:9      | Killed Grum
  8351 | D:9      | Found an ancient bone altar of Kikubaaqudgha.
  8352 | D:9      | Found a deep blue altar of Sif Muna.
  8353 | D:9      | Found a shimmering altar of Xom.
  8353 | D:9      | Found a snail-covered altar of Cheibriados.
  8444 | D:9      | Became a worshipper of Cheibriados the Contemplative
  8585 | D:9      | Reached skill level 9 in Unarmed Combat
  8673 | D:9      | Reached skill level 1 in Invocations
  8822 | D:9      | Found a sparkling altar of Nemelex Xobeh.
  8836 | D:9      | Acquired Cheibriados' first power
  9196 | D:9      | Reached skill level 5 in Invocations
  9261 | D:10     | Entered Level 10 of the Dungeon
  9287 | D:10     | Noticed a centaur warrior
  9310 | D:10     | Noticed a hill giant
  9474 | D:9      | Learned a level 2 spell: Blink
  9526 | D:9      | Slain by an orc warrior

Action                   |  1- 3 |  4- 6 |  7- 9 | 10-12 || total
-------------------------+-------+-------+-------+-------++-------
Melee: Unarmed           |   118 |   327 |   419 |   211 ||  1075
Throw: Stone             |       |    32 |       |       ||    32
 Cast: Pain              |    12 |     8 |     3 |     3 ||    26
       Regeneration      |       |    24 |    39 |    20 ||    83
       Animate Skeleton  |       |       |     1 |       ||     1
Evoke: Wand              |       |       |     4 |       ||     4
  Use: Scroll            |       |    12 |     1 |     3 ||    16
       Potion            |       |       |     2 |       ||     2
 Stab: Sleeping          |     4 |     1 |     1 |     3 ||     9
       Distracted        |       |     1 |       |       ||     1
  Eat: Chunk             |       |    17 |    15 |     2 ||    34
       Beef jerky        |       |       |     2 |       ||     2
       Meat ration       |       |       |     1 |       ||     1
       Pizza             |       |       |     1 |       ||     1
       Fruit             |       |       |       |     7 ||     7
